 Dungeon Crawl Stone Soup version 0.14-a0-848-g57a047c (webtiles) character file.

137 PolkaDot the Ruinous (level 4, 0/30 HPs)
             Began as a Vampire Conjurer on Nov 14, 2013.
             Killed by nerve-wracking pain
             ... invoked by an orc priest
              (6 damage)
             ... on Level 3 of the Dungeon.
             The game lasted 00:09:31 (2935 turns).

PolkaDot the Ruinous (Vampire Conjurer)             Turns: 2935, Time: 00:09:32

HP   0/30        AC  2     Str  7      XL: 4   Next: 24%
MP   3/8         EV 12     Int 18      God:
Gold 53          SH  0     Dex 14      Spells:  2 memorised,  2 levels left

Res.Fire  : . . .   See Invis. : +   b - +2,+0 dagger (speed)
Res.Cold  : . . .   Warding    : .   a - +0 robe
Life Prot.: + . .   Conserve   : .   (no shield)
Res.Poison: .       Res.Corr.  : .   (no helmet)
Res.Elec. : .       Clarity    : .   (no cloak)
Sust.Abil.: . .     Spirit.Shd : .   (no gloves)
Res.Mut.  : .       Stasis     : .   (no boots)
Res.Rott. : .       Flight     : .   d - amulet of inaccuracy {unknown}
Saprovore : . . .                    (no ring)
                                     (no ring)

@: slightly resistant to hostile enchantments, stealthy
A: fangs 3, see invisible, unbreathing
a: Bat Form


You were on level 3 of the Dungeon.
You were not thirsty.

You visited 1 branch of the dungeon, and saw 3 of its levels.

You collected 53 gold pieces.

Inventory:

Hand weapons
 b - a +2,+0 dagger of speed (weapon)
 o - a +1,+1 sling of evasion
Missiles
 p - 20 stones (quivered)
Armour
 a - a +0 robe (worn)
Scrolls
 e - a scroll of enchant armour {unknown}
 h - 2 scrolls of remove curse {unknown}
 i - 4 scrolls of identify {unknown}
 l - a scroll of teleportation {unknown}
 n - a scroll of fear {unknown}
 q - a scroll of noise {unknown}
Jewellery
 d - an amulet of inaccuracy (around neck) {unknown}
 r - an uncursed ring of sustain abilities {unknown}
Books
 c - a book of Conjurations

   Spells                             Type                      Level
   *Magic Dart                        Conjuration                  1
   *Searing Ray                       Conjuration                  2
   Dazzling Spray                     Conjuration/Hexes            3
   Iskenderun's Mystic Blast          Conjuration                  4
   Iskenderun's Battlesphere          Conjuration/Charms           4
   Fulminant Prism                    Conjuration/Hexes            5


   Skills:
 - Level 2.1 Dodging
 - Level 3.0 Stealth
 - Level 1.0 Spellcasting
 * Level 4.3 Conjurations


You had 2 spell levels left.
You knew the following spells:

 Your Spells              Type           Power        Failure   Level  Hunger
a - Magic Dart            Conj           ###.         3%          1    ##.....
s - Searing Ray           Conj           ###...       6%          2    ###....


Dungeon Overview and Level Annotations

Branches:
Dungeon (3/16)

Altars:
the Shining One


Innate Abilities, Weirdness & Mutations

You have razor-sharp teeth.*
You have supernaturally acute eyesight.
You can survive without breathing.*


Message History

Casting: Searing Ray
Confirm with . or Enter, or press ? or * to list all spells.
Aiming: Searing Ray
Press: ? - help, Shift-Dir - straight line, f - orc priest
Aim: an orc priest, wielding an orcish trident and wearing an orcish scale mail The searing ray hits the orc.
The orc hits you with a glowing orcish flail!
The searing ray hits the orc.
The orc closely misses you.
The orc priest looks braver.
The searing ray hits the orc.
The orc priest hits you from afar with an orcish trident!
* * * LOW HITPOINT WARNING * * *
The orc closely misses you.
The searing ray hits the orc.
You kill the orc!
The searing ray hits the orc priest.
The orc priest is moderately wounded.
The orc priest invokes the aid of Beogh against you.
Pain shoots through your body!
You die...

#[# ######...######
#o###.# #......#......#
......# #.####...####.#
<.###### #.# ##.## #.#
...o...# #.# #.# #.#
######.# #.# #.# #.# #.#
#.#####.# #.# #o#
#.<.....# #.# #.#
#@####### #.# #o# #)# #.#
#.# #o# #.#
#.#########.###########.#
#.o..o..................#
#########################


You could see an orc priest.

Vanquished Creatures
  2 adders (D:2)
  A gnoll (D:1)
  A giant mite (D:2)
  A giant gecko (D:2)
  2 orcs (D:3)
  3 bats (D:1)
  2 giant cockroaches (D:2)
  5 hobgoblins
  4 jackals
  4 kobolds
  A quokka (D:2)
  3 ball pythons (D:1)
  2 giant newts
  7 goblins
  7 rats
  A plant (D:1)
46 creatures vanquished.

Notes
Turn   | Place    | Note
--------------------------------------------------------------
     0 | D:1      | PolkaDot, the Vampire Conjurer, began the quest for the Orb.
     0 | D:1      | Reached XP level 1. HP: 13/13 MP: 4/4
   302 | D:1      | Reached XP level 2. HP: 2/19 MP: 0/5
   432 | D:1      | Learned a level 2 spell: Searing Ray
   634 | D:1      | Reached XP level 3. HP: 17/24 MP: 0/6
  1665 | D:2      | Reached skill level 4 in Conjurations
  1834 | D:2      | Found a glowing golden altar of the Shining One.
  2097 | D:2      | Reached XP level 4. HP: 30/30 MP: 6/8
  2935 | D:3      | Killed from afar by an orc priest

Action                   |  1- 3 |  4- 6 || total
-------------------------+-------+-------++-------
Melee: Unarmed           |    31 |       ||    31
       Dagger            |       |     5 ||     5
 Cast: Magic Dart        |    74 |    22 ||    96
       Searing Ray       |     6 |     4 ||    10
  Use: Potion            |       |     5 ||     5
